 Dungeon Crawl Stone Soup version 0.31-a0-845-g9abc20d24f (webtiles) character file.

Game seed: 4337930397588202187

7582 Nattfarinn the Contemplative (level 11, -16/84 HPs)
             Began as a Barachi Shapeshifter on Oct 2, 2023.
             Was a Priest of Cheibriados.
             Demolished by a wyvern (19 damage)
             ... on level 10 of the Dungeon.
             The game lasted 00:29:10 (11265 turns).

Nattfarinn the Contemplative (BaSh)                Turns: 11265, Time: 00:29:10

Health: -16/84     AC:  2    Str: 27    XL:     11   Next: 17%
Magic:  18/18      EV: 18    Int: 19    God:    Cheibriados [***...]
Gold:   302        SH:  0    Dex: 20    Spells: 10/10 levels left

rFire   . . .        i - +4 demon blade (flame)
rCold   . . .        (no shield)
rNeg    . . .        a - +0 animal skin
rPois   .            (helmet currently unavailable)
rElec   .            (cloak currently unavailable)
rCorr   .            (gloves currently unavailable)
SInv    .            (boots currently unavailable)
Will    .....        (no amulet)
Stlth   ++           p - +5 ring of evasion
HPRegen 0.34/turn    G - ring of flight
MPRegen 0.16/turn

%: no passive effects
@: beast-form, flying, slowed, very slow
A: beast (slay +2), amphibious, slowness 1, strong legs 1, +LOS
a: Hop, Begin Untransformation, Renounce Religion, Bend Time, Temporal
Distortion


You were on level 10 of the Dungeon.
You worshipped Cheibriados.
Cheibriados was most pleased with you.
You were a hulking beast.
You visited 2 branches of the dungeon, and saw 11 of its levels.
You also visited: Sewer.

You collected 505 gold pieces.
You spent 203 gold pieces at shops.

Inventory:

Hand Weapons
 i - a +4 demon blade of flaming (weapon)
 D - the +5 rapier of Disintegration {spect, rElec Will+ Str+3 Dex+3}
   (You found it on level 7 of the Dungeon)

   Str+3:     It affects your strength (+3).
   Dex+3:     It affects your dexterity (+3).
   rElec:     It insulates you from electricity.
   Will+:     It increases your willpower.
Missiles
 b - 5 throwing nets
 l - 28 poisoned darts
 y - a curare-tipped dart
 B - 5 silver javelins (quivered)
Armour
 a - a +0 animal skin (worn)
 s - the +3 leather armour of Vexation {rPois rC- rN+++ Str-4 Stlth+}
   (You bought it in a shop on level 10 of the Dungeon)

   Str-4:     It affects your strength (-4).
   rC-:       It makes you vulnerable to cold.
   rPois:     It protects you from poison rN+++: It renders you almost immune to
   negative energy.
   Stlth+:    It makes you more stealthy.
 u - a +1 pair of boots of stealth
 v - a +2 pair of gloves
Jewellery
 p - a +5 ring of evasion (left hand)
 G - a ring of flight (right hand)
Talismans
 c - a beast talisman (active)
 d - a flux talisman
Wands
 o - a wand of flame (9)
 r - a wand of light (5)
 w - a wand of polymorph (15)
Scrolls
 e - a scroll of noise
 g - 2 scrolls of fear
 h - 2 scrolls of amnesia
 k - 4 scrolls of vulnerability
 q - a scroll of torment
 E - a scroll of silence
 F - a scroll of identify
 H - a scroll of teleportation
Potions
 f - 4 potions of attraction
 j - a potion of lignification
 m - 2 potions of enlightenment
 n - 3 potions of brilliance
 t - a potion of ambrosia {unknown}
 x - a potion of might {unknown}
 z - a potion of magic {unknown}
 A - a potion of berserk rage {unknown}
 C - a potion of mutation {unknown}


   Skills:
 - Level 7.4 Fighting
 * Level 5.1 Long Blades
 - Level 5.9 Throwing
 - Level 4.1 Armour
 - Level 2.1 Dodging
 - Level 8.9 Unarmed Combat
 - Level 10.0 Invocations
 - Level 3.7 Shapeshifting


You had 10 spell levels left.
You didn't know any spells.
Your spell library contained the following spells:

 Spells                   Type           Power      Damage    Failure   Level
 Inner Flame              Hex/Fire       0%         N/A       52%         3
 Yara's Violent Unravell  Hex/Tmut       0%         3d3       99%         5
 Enfeeble                 Hex            0%         N/A       100%        7


Dungeon Overview and Level Annotations

Branches:
Dungeon (10/15)            Temple (1/1) D:4            Lair (0/5) D:8
    Orc (0/2) D:9           Sewer (visited)

Altars:
Ashenzari
Cheibriados
Dithmenos
Elyvilon
Fedhas
Gozag
Hepliaklqana
Kikubaaqudgha
Makhleb
Nemelex Xobeh
Okawaru
Qazlal
Ru
Sif Muna
Trog
Uskayaw
Vehumet
Wu Jian
Xom
Yredelemnul
Zin
The Shining One

Shops:
D:4 :   D:6 (   D:7 :   D:10 [

Annotations:
D:4 2 transporters, Opifex's ghost, novice OpMo


Innate Abilities, Weirdness & Mutations

You are a hulking beast.
Your limbs bulge with bestial killing power. (Slay +2)
You are amphibious.
You cover ground slowly.
You can hop short distances.
You have an extended range of vision and can be seen from far away.


Message History

Unknown command.
Okay, then.
You reach down and close the door.
You start waiting.
A wyvern comes into view.
The centaur shoots an arrow.
The arrow barely misses you.
The wyvern hisses angrily.
The centaur unwields a +0 shortbow.
The centaur hits you. The centaur misses you. The centaur closely misses you.
The centaur misses you.
There is an open door here.
You closely miss the centaur.
The centaur shouts!
You punch the centaur, but do no damage.
The centaur hits you. The centaur closely misses you.
The centaur completely misses you. The centaur closely misses you.
The wyvern bites you!
You closely miss the wyvern. The centaur misses you.
The centaur barely misses you. The wyvern bites you!
You closely miss the wraith. The centaur closely misses you.
The centaur kicks you. The wyvern closely misses you. The centaur hits you.
The centaur barely misses you. The wyvern closely misses you.
The wraith hits you. The wraith drains your vigour!
You feel yourself slow down.
You slash the wraith! You burn the wraith.
The wraith is moderately damaged.
The wyvern barely misses you. The centaur misses you. x2
The wraith completely misses you. The centaur barely misses you.
The centaur completely misses you. The wyvern completely misses you.
You completely miss the wraith. You punch the wraith, but do no damage.
The wraith is moderately damaged.
The wyvern bites you! The centaur barely misses you. The centaur kicks you.
The wraith completely misses you. The wyvern closely misses you.
The centaur misses you. The centaur completely misses you.
The wraith closely misses you. The wyvern bites you!
* * * LOW HITPOINT WARNING * * *
The wyvern barely misses you. The wyvern bites you!
* * * LOW HITPOINT WARNING * * *
The wyvern bites you!!
You die...

****+*** ##+######## **
*****,* *,,,,,* **, *,,,,,*
*######+#*** *,, ##+#########
*........,,***,*
#.....[....####........,,**,,,
#..........'..#........,,+,,*,
#..........##.#........,,+,***
#........).##.#W.......,,+,,*,
#..........##hlc.......,,**,,,
#..........####c...>...,,***,*
#..........# *........,,* *,,
########'### *#####...,,* **,
#.# ****##*,***** ##.#
*,,,,,,,,,*** #..#
*,*******,+,* #.##
*,*,,,,,*,*<, #.#
*,*,***,*,***


You could see a wraith, a wyvern and 2 centaurs.

Vanquished Creatures
  A two-headed ogre (D:9)
  A manticore (D:10)
  A cyclops (D:8)
  An unseen horror (D:10)
  A rime drake (D:8)
  Grinder (D:5)
  2 shadows (D:9)
  A wyvern (D:10)
  A wraith (D:10)
  A vampire (D:10)
  A steam dragon (D:8)
  Edmund (D:5)
  2 two-headed ogre zombies (D:9)
  An acid dragon (D:9)
  A water moccasin (D:6)
  2 orc warriors (D:7)
  10 ice beasts
  A sky beast (D:6)
  2 black bears
  A centaur (D:8)
  2 phantoms
  4 wolves (D:8)
  2 kobold brigands (Sewer)
  4 bullfrogs
  2 scorpions
  5 wights (D:7)
  2 troll zombies (D:9)
  6 killer bees (D:9)
  A jelly (D:7)
  5 orc priests
  4 hounds
  2 gnoll boudas
  A sleepcap (D:4)
  2 iguanas (D:6)
  4 orc wizards
  4 ogre zombies (D:9)
  8 gnolls
  5 river rats (Sewer)
  8 adders
  A shadow imp (D:6)
  2 white imps (D:6)
  4 ufetubi
  5 worms
  6 dart slugs
  27 orcs
  11 ball pythons
  4 bats
  10 endoplasms
  2 giant cockroaches (D:1)
  5 goblins
  12 hobgoblins
  2 jackals (D:1)
  10 quokkas
  2 frilled lizards
  2 goblin zombies (D:9)
  A hobgoblin skeleton (D:9)
  3 hobgoblin zombies (D:9)
  25 kobolds
  5 orc skeletons (D:9)
  14 orc zombies (D:9)
  22 rats
279 creatures vanquished.

Notes
Turn   | Place    | Note
-------+----------+-------------------------------------------
     0 | D:1      | Nattfarinn the Barachi Shapeshifter began the quest for the
                  | Orb.
     0 | D:1      | Reached XP level 1. HP: 15/15 MP: 1/1
    52 | D:1      | Found a faded altar of an unknown god.
   136 | D:1      | Reached XP level 2. HP: 9/21 MP: 2/2
   377 | D:1      | Reached XP level 3. HP: 27/27 MP: 3/3
   912 | D:2      | Reached XP level 4. HP: 30/34 MP: 4/4
  1356 | D:3      | Reached skill level 1 in Throwing
  1875 | D:4      | Reached XP level 5. HP: 28/40 MP: 5/5
  2100 | D:4      | Reached skill level 5 in Unarmed Combat
  2165 | D:4      | Found a staircase to the Ecumenical Temple.
  2173 | Temple   | Entered the Ecumenical Temple
  2191 | Temple   | Became a worshipper of Cheibriados the Contemplative
  2348 | D:4      | HP: 1/41 [gnoll/+0 whip of electrocution[a gnoll sergeant]
                  | (3)]
  2540 | D:4      | Reached XP level 6. HP: 45/47 MP: 6/6
  2635 | D:4      | Found a hazy altar of Hepliaklqana.
  2744 | D:4      | Found Oveir's Book Emporium.
  2792 | D:4      | Identified the +1 ring mail of Greed {Slay+2 Stlth+}
  2792 | D:4      | Identified the +1 kite shield "Sapripn" {rElec rF- Str+8
                  | Dex-5}
  2847 | D:4      | Found a transporter.
  2858 | D:4      | Reached * piety under Cheibriados
  2863 | D:4      | Noticed Opifex's ghost (novice OpMo)
  2900 | D:4      | Found a transporter.
  2939 | D:5      | Entered Level 5 of the Dungeon
  3052 | D:5      | Reached XP level 7. HP: 48/54 MP: 7/7
  3073 | D:5      | Found a shadowy altar of Dithmenos.
  3082 | D:5      | Noticed Edmund
  3095 | D:5      | Killed Edmund
  3440 | D:5      | Noticed Grinder
  3463 | D:5      | Killed Grinder
  3464 | D:5      | Reached skill level 5 in Fighting
  3464 | D:5      | Reached skill level 5 in Throwing
  3464 | D:5      | Reached XP level 8. HP: 56/62 MP: 8/8
  4270 | D:6      | Reached ** piety under Cheibriados
  4448 | D:6      | Reached XP level 9. HP: 25/71 MP: 9/9
  4502 | D:6      | Found a glowing drain.
  4511 | Sewer    | Entered a sewer
  4698 | Sewer    | Reached *** piety under Cheibriados
  5574 | D:6      | Found Patotag's Weapon Shop.
  5790 | D:7      | Reached **** piety under Cheibriados
  5795 | D:7      | Identified the +5 rapier of Disintegration {spect, rElec
                  | Will+ Str+3 Dex+3}
  5876 | D:7      | Reached skill level 1 in Invocations
  5888 | D:7      | Reached skill level 2 in Invocations
  5943 | D:7      | Found Keak's Vocational Training.
  6239 | D:7      | Reached skill level 3 in Invocations
  6349 | D:7      | Reached skill level 4 in Invocations
  6788 | D:7      | Found a sparkling altar of Nemelex Xobeh.
  6788 | D:7      | Found a radiant altar of Vehumet.
  6852 | D:8      | Reached skill level 5 in Invocations
  7236 | D:8      | Found a burning altar of Makhleb.
  7281 | D:8      | Reached skill level 6 in Invocations
  7460 | D:8      | Noticed a rime drake
  7467 | D:8      | Reached XP level 10. HP: 63/79 MP: 8/15
  7469 | D:8      | Reached skill level 7 in Invocations
  7500 | D:8      | Found a staircase to the Lair.
  7558 | D:8      | Reached skill level 8 in Invocations
  7607 | D:8      | Found an ornate altar of the Wu Jian Council.
  7624 | D:8      | Found an iron altar of Okawaru.
  7625 | D:8      | Found a glowing golden altar of the Shining One.
  7626 | D:8      | Found a white marble altar of Elyvilon.
  7626 | D:8      | Found a shimmering blue altar of Sif Muna.
  7661 | D:8      | Noticed a cyclops
  7675 | D:8      | Killed a cyclops
  8346 | D:9      | Reached skill level 9 in Invocations
  8363 | D:9      | HP: 2/79 [two-headed ogre zombie (9)]
  8787 | D:9      | Found a staircase to the Orcish Mines.
  9454 | D:9      | Reached skill level 10 in Invocations
  9855 | D:9      | Noticed a two-headed ogre
  9871 | D:9      | Killed a two-headed ogre
  9872 | D:9      | Reached XP level 11. HP: 24/84 MP: 18/18
 10283 | D:10     | Entered Level 10 of the Dungeon
 10294 | D:10     | Noticed a manticore
 10306 | D:10     | Killed a manticore
 10593 | D:10     | Found Igunk's Antique Armour Shoppe.
 10606 | D:10     | HP: 3/84 [something (9)]
 10795 | D:10     | Bought an amethyst-studded leather armour for 203 gold
                  | pieces
 10795 | D:10     | Identified the +3 leather armour of Vexation {rPois rC-
                  | rN+++ Str-4 Stlth+} (You bought it in a shop on level 10 of
                  | the Dungeon)
 10934 | D:10     | HP: 2/84 [something (11)]
 11202 | D:10     | Reached skill level 5 in Long Blades
 11265 | D:10     | HP: 3/84 [wyvern (15)]
 11265 | D:10     | Demolished by a wyvern

Illustrated notes

Levels and vault maps discovered:
D:1:      lemuel_arrival_room, layout_loops_ring,
          shapermc_ecumenical_altar_ellora
D:2:      layout_rooms
D:3:      layout_basic, kennysheep_another_room
D:4:      layout_basic, kennysheep_mini, temple_green, serial_shops, shop,
          gammafunk_ghost_gnarly_gnolls, lightli_minifort
D:5:      layout_rooms, nicolae_dithmenos_the_darkroom, item_on_display_a,
          uniq_edmund, uniq_grinder
D:6:      layout_loops_corners, cheibrodos_sewer_entry_bend, serial_shops,
          nicolae_shop_gibbet_a_chance, minmay_crystal_water
D:7:      layout_loops_ring, amethyst_overflow_temple_binary,
          nicolae_shop_vocational
D:8:      layout_gridville, grunt_temple_overflow_open,
          mainiacjoe_overflow_tiny_flanked, hellmonk_lair_entry_icy
D:9:      layout_layer_cave, zombieorc2_lemuel
D:10:     layout_roguey, serial_shops, shop, kennysheep_kite_vault
Temple:   nicolae_temple_ecumenical_triangle

Skill      XL: |  1  2  3  4  5  6  7  8  9 10 11 |
---------------+----------------------------------+-----
Fighting       | 2 3 4 5 6 7 |  7.4
Unarmed Combat | 4 5 6 8 |  8.9
Throwing       | 1 2 3 5 |  5.9
Invocations    | 6 10 | 10.0
Armour         | 4 |  4.1
Long Blades    | 5 |  5.1
Dodging        | |  2.1
Shapeshifting  | |  3.7

Action                     |  1- 3 |  4- 6 |  7- 9 | 10-12 || total
---------------------------+-------+-------+-------+-------++-------
  Melee: Unarmed           |   106 |   166 |   293 |   164 ||   729
         Punch             |     1 |     2 |    14 |    14 ||    31
         Demon blade       |       |       |       |    20 ||    20
  Throw: Javelin           |       |     9 |    15 |     1 ||    25
         Dart              |       |       |       |     2 ||     2
         Throwing net      |       |       |       |     1 ||     1
 Invoke: Slouch            |       |       |     2 |     2 ||     4
         Temporal Distorti |       |       |       |     1 ||     1
Ability: Hop               |       |       |       |     2 ||     2
  Evoke: Wand              |       |       |     8 |    17 ||    25
    Use: Scroll            |       |     2 |    12 |     8 ||    22
         Potion            |       |       |       |    10 ||    10
   Stab: Sleeping          |     1 |     1 |     2 |       ||     4
         Invisible         |       |       |       |     1 ||     1
 Armour: Animal skin       |    39 |    80 |   132 |   144 ||   395
         Skin              |       |       |       |     2 ||     2
  Dodge: Dodged            |    70 |   143 |   237 |   214 ||   664

Table legend: (Time is in decaauts)
 A = Elapsed time spent in this place.
 B = Non-inter-level travel time spent in this place.
 C = Inter-level travel time spent in this place.
 D = Time resting spent in this place.
 E = Time spent auto-exploring this place.
 F = Levels seen in this place.
 G = Mean time per level.
                   A        B        C        D        E       F      G
               +--------+--------+--------+--------+--------+-----+--------+
         Total |  15537 |  14675 |    862 |   1629 |  10956 |  12 | 1294.8 |
       Dungeon |  14483 |  13657 |    826 |   1629 |  10203 |  10 | 1448.3 |
        Temple |     37 |      2 |     35 |      0 |      0 |   1 |   37.0 |
         Sewer |   1016 |   1016 |      0 |      0 |    752 |   1 | 1016.0 |
               +--------+--------+--------+--------+--------+-----+--------+

Top non-repeatable levels by time:
     D:9: 2982 daAuts
     D:8: 2023 daAuts
     D:6: 1783 daAuts
     D:7: 1636 daAuts
     D:5: 1407 daAuts
    D:10: 1261 daAuts
     D:4: 1225 daAuts
   Sewer: 1016 daAuts
     D:1: 883 daAuts
     D:3: 750 daAuts
     D:2: 528 daAuts
  Temple: 37 daAuts
